 Dungeon Crawl Stone Soup version 0.25-a0-949-gdd2af9e06e (webtiles) character file.

Game seed: 16888782526750231567, levelgen mode: deterministic

773 HoaS the Ruffian (level 7, -2/69 HPs)
             Began as a Gargoyle Berserker on May 8, 2020.
             Was a Priest of Trog.
             Slain by an ogre
             ... wielding a cursed +0 giant club
              (25 damage)
             ... on level 4 of the Dungeon.
             The game lasted 00:08:34 (3592 turns).

HoaS the Ruffian (Gargoyle Berserker)               Turns: 3592, Time: 00:08:34

Health: -2/69      AC: 14    Str: 22    XL:     7   Next: 83%
Magic:  7/7        EV:  8    Int:  8    God:    Trog [***...]
Gold:   157        SH:  0    Dex:  9    Spells: 6/6 levels left

rFire    . . .     SeeInvis .     - Unarmed
rCold    . . .     Gourm    .   (no shield)
rNeg     + . .     Faith    .   k - +0 chain mail
rPois    ∞         Spirit   .   (no helmet)
rElec    +         Reflect  .   (no cloak)
rCorr    .         Harm     .   c - +0 pair of gloves
MR       .....                  (no boots)
Stlth    ..........             (no amulet)
HPRegen  0.21/turn              (no ring)
MPRegen  0.10/turn              (no ring)

@: berserking, very quick
A: negative energy resistance 1, electricity resistance, unbreathing,
petrification resistance, rot immunity, AC +4
a: Berserk, Trog's Hand, Renounce Religion


You were on level 4 of the Dungeon.
You worshipped Trog.
Trog was most pleased with you.
You were very hungry.

You visited 1 branch of the dungeon, and saw 4 of its levels.

You collected 157 gold pieces.

Inventory:

Armour
 c - a +0 pair of gloves (worn)
 k - a +0 chain mail (worn)
Jewellery
 p - an uncursed ring of resist corrosion {unknown}
 q - an uncursed ring of magical power {unknown}
 r - an uncursed ring of ice {unknown}
Wands
 t - a wand of enslavement (2)
Scrolls
 a - 2 scrolls of teleportation {unknown}
 d - a scroll of blinking {unknown}
 e - 3 scrolls of remove curse {unknown}
 f - 5 scrolls of identify {unknown}
 g - a scroll of immolation {unknown}
 o - a scroll of fog {unknown}
 s - a scroll of amnesia {unknown}
Potions
 h - 2 potions of degeneration {unknown}
 i - a potion of flight {unknown}
 j - a potion of ambrosia {unknown}
 l - a potion of cancellation {unknown}
 m - a potion of lignification {unknown}
 n - 2 potions of curing {unknown}
Comestibles
 b - 4 rations


   Skills:
 + Level 6.2 Fighting
 - Level 2.1 Armour
 - Level 1.5 Dodging
 * Level 7.5 Unarmed Combat


You had 6 spell levels left.
You didn't know any spells.
Your spell library was empty.

Dungeon Overview and Level Annotations

Branches:
Dungeon (4/15)
 Temple: D:4-7

Altars:
Cheibriados
Dithmenos
Zin


Innate Abilities, Weirdness & Mutations

You are resistant to torment.
Your stone body is resilient. (AC +4)
You are immune to poison.
You resist negative energy. (rN+)
You are resistant to electric shocks. (rElec)
You can survive without breathing.
You are immune to petrification.
You are immune to rotting.


Message History

The freed slave is almost dead.
You hit the freed slave.
You kill the freed slave!
That felt strangely unrewarding.
An ogre comes into view. It is wielding a +0 giant club.
The ogre shouts!
You hit the ogre but do no damage.
The ogre hits you with a cursed +0 giant club!
You hit the ogre but do no damage. You barely miss the ogre.
The ogre barely misses you.
You hit the ogre.
The ogre is lightly wounded.
The ogre hits you with a cursed +0 giant club!
A red film seems to cover your vision as you go berserk!
You feel yourself moving faster!
You feel mighty!
You are feeling very hungry.
You punch the ogre!
The ogre is heavily wounded.
The ogre hits you with a cursed +0 giant club!!
You die...

.## # ####)# ...
.#..##)###### #.#
#.#.#.......#
###.###.#.#..#.##.#
.......#.#.....#.#
##.##.............
#.....#..#.#...#.#
#.................
#@#######.........
#O# #.###.#.#. ...
#.# #.#.#. #...#
#.# #.#.#. #...#
##.###.#.#.
#...#####.........#
........#...##....#
............##.....
.......#.#.....#


You could see an ogre.

Vanquished Creatures
  Pikel (D:4)
  A slave (D:4)
  Blork the orc (D:4)
  A hound (D:3)
  Natasha (twice) (D:2)
  5 adders
  3 worms
  6 dart slugs
  2 leopard geckos (D:1)
  3 orcs
  11 bats
  4 giant cockroaches
  9 goblins
  10 hobgoblins
  7 jackals
  3 ball pythons
  5 frilled lizards
  8 kobolds
  11 rats
93 creatures vanquished.

Vanquished Creatures (others)
  A slave (D:4)
1 creature vanquished.

Grand Total: 94 creatures vanquished

Notes
Turn   | Place    | Note
-------+----------+-------------------------------------------
     0 | D:1      | HoaS the Gargoyle Berserker began the quest for the Orb.
     0 | D:1      | Reached XP level 1. HP: 14/14 MP: 1/1
    73 | D:1      | Reached XP level 2. HP: 9/19 MP: 2/2
   641 | D:1      | Reached XP level 3. HP: 24/24 MP: 3/3
   914 | D:1      | Reached ** piety under Trog
   914 | D:1      | Reached skill level 4 in Unarmed Combat
  1301 | D:2      | Reached XP level 4. HP: 29/29 MP: 4/4
  1842 | D:2      | Reached XP level 5. HP: 34/34 MP: 5/5
  1891 | D:2      | Noticed Natasha
  1905 | D:2      | Killed Natasha
  1905 | D:2      | Reached skill level 5 in Unarmed Combat
  2155 | D:2      | Noticed Natasha
  2166 | D:2      | Killed Natasha
  2628 | D:3      | Found a glowing silver altar of Zin.
  2895 | D:3      | Found a shadowy altar of Dithmenos.
  2904 | D:3      | Reached *** piety under Trog
  3092 | D:3      | Reached XP level 6. HP: 40/40 MP: 6/6
  3096 | D:3      | Found a snail-covered altar of Cheibriados.
  3333 | D:4      | Noticed Blork the orc
  3350 | D:4      | Killed Blork the orc
  3350 | D:4      | Reached skill level 5 in Fighting
  3476 | D:4      | Noticed a slave
  3477 | D:4      | Noticed a slave
  3477 | D:4      | Noticed a slave
  3478 | D:4      | Noticed Pikel
  3480 | D:4      | Noticed a slave
  3531 | D:4      | Killed Pikel
  3531 | D:4      | Reached skill level 7 in Unarmed Combat
  3531 | D:4      | Reached XP level 7. HP: 32/46 MP: 7/7
  3592 | D:4      | Slain by an ogre

Levels and vault maps discovered:
D:1:      onia_arrival_mini_spirals, layout_basic, minmay_small_reverse_x
D:2:      layout_loops_cross, uniq_natasha
D:3:      layout_loops_ring, nicolae_overflow_crystal_walls, marbit_many_paths,
          nicolae_dithmenos_shadow_blocks
D:4:      layout_loops_cross, first_ration, serial_shops, shop, uniq_pikel,
          uniq_blork_the_orc

Skill      XL: |  1  2  3  4  5  6 |
---------------+-------------------+-----
Unarmed Combat | 4 5 7 |  7.5
Fighting       | 4 6 |  6.2
Armour         | |  2.1
Dodging        | |  1.5

Action                   |  1- 3 |  4- 6 |  7- 9 || total
-------------------------+-------+-------+-------++-------
Melee: Unarmed           |   156 |   272 |    18 ||   446
       Punch             |     2 |     6 |       ||     8
Invok: Trog's Hand       |       |     1 |       ||     1
       Berserk           |       |       |     1 ||     1
  Eat: Chunk             |     1 |     8 |       ||     9
Armor: Animal skin       |    26 |       |       ||    26
       Ring mail         |    29 |       |       ||    29
       Chain mail        |    11 |   141 |     4 ||   156
Dodge: Dodged            |    99 |   113 |     4 ||   216

Table legend:
 A = Non-vault XP
 B = Vault XP
 C = Vault XP percentage of total XP
 D = Non-vault monster count
 E = Vault monster count
 F = Vault count percentage of total count
                 A         B        C        D         E       F
            +---------+---------+-------+---------+---------+-------
      Total |     293 |     812 |  73.5 |      84 |       8 |   8.7
            +---------+---------+-------+---------+---------+-------
        D:1 |      59 |       7 |  10.6 |      33 |       4 |  10.8
        D:2 |     140 |      35 |  20.0 |      31 |       1 |   3.1
        D:3 |      76 |       3 |   3.8 |      13 |       1 |   7.1
        D:4 |      18 |     767 |  97.7 |       7 |       2 |  22.2
            +---------+---------+-------+---------+---------+-------
